 Dungeon Crawl Stone Soup version 0.24.0-123-gd5b16e6ec5 (webtiles) character file.

Game seed: 16476550104673902588, levelgen mode: deterministic

11 FishyPogo the Insei (level 2, -1/23 HPs)
             Began as a Gnoll Transmuter on Dec 19, 2019.
             Slain by a rat (3 damage)
             ... on level 1 of the Dungeon.
             The game lasted 00:00:56 (109 turns).

FishyPogo the Insei (Gnoll Transmuter)               Turns: 109, Time: 00:00:57

Health: -1/23      AC:  2    Str: 12    XL:     2   Next: 29%
Magic:  6/7        EV: 14    Int: 15    God:
Gold:   51         SH:  0    Dex: 15    Spells: 9/10 levels left

rFire    . . .     SeeInvis .     - Unarmed
rCold    . . .     Gourm    .   (no shield)
rNeg     . . .     Faith    .   b - +0 robe
rPois    .         Spirit   .   (no helmet)
rElec    .         Reflect  .   (no cloak)
rCorr    .         Harm     .   (no gloves)
MR       .....                  (no boots)
Stlth    +.........             (no amulet)
HPRegen  0.07/turn              (no ring)
MPRegen  0.10/turn              (no ring)

@: appendage, lightly drained
A: distributed training, fangs 1, horns 2, strong nose
a: End Transformation


You were on level 1 of the Dungeon.
You were not hungry.
You had grown temporary horns.
You visited 1 branch of the dungeon, and saw 1 of its levels.

You collected 51 gold pieces.

Inventory:

Missiles
 a - 12 arrows
 e - 10 stones (quivered)
 f - 3 boomerangs
Armour
 b - a +0 robe (worn)
Comestibles
 c - 4 chunks of flesh
 d - a ration


   Skills:
 + Level 2.4 Fighting
 + Level 0.3 Short Blades
 + Level 0.3 Long Blades
 + Level 0.3 Axes
 + Level 0.3 Maces & Flails
 + Level 0.3 Polearms
 + Level 0.3 Staves
 + Level 0.3 Slings
 + Level 0.3 Bows
 + Level 0.3 Crossbows
 + Level 0.3 Throwing
 + Level 0.3 Armour
 + Level 4.4 Dodging
 + Level 0.3 Stealth
 + Level 0.3 Shields
 + Level 6.4 Unarmed Combat
 + Level 4.9 Spellcasting
 + Level 0.2 Conjurations
 + Level 0.2 Hexes
 + Level 0.2 Charms
 + Level 0.2 Summonings
 + Level 0.2 Necromancy
 + Level 0.2 Translocations
 + Level 3.7(3.6) Transmutations
 + Level 0.2 Fire Magic
 + Level 0.2 Ice Magic
 + Level 0.2 Air Magic
 + Level 0.2 Earth Magic
 + Level 0.2 Poison Magic
 + Level 0.4(0.3) Invocations
 + Level 0.3 Evocations


You had 9 spell levels left.
You knew the following spells:

 Your Spells              Type           Power        Failure   Level  Hunger
y - Beastly Appendage     Tmut           ##....       3%          1    None

Your spell library contained the following spells:

 Spells                   Type           Power        Failure   Level  Hunger
 Sticks to Snakes         Tmut           ##......     5%          2    ##.....
 Spider Form              Tmut/Pois      #.........   22%         3    ###....
 Ice Form                 Ice/Tmut       #.......     58%         4    ####...
 Blade Hands              Tmut           ##........   71%         5    ######.


Dungeon Overview and Level Annotations

Branches:
Dungeon (1/15)

Altars:


Innate Abilities, Weirdness & Mutations

Your experience applies equally to all skills.
You have very sharp teeth.
Your uncanny sense of smell can sniff out nearby items.
You have a pair of horns on your head.


Message History

Confirm with . or Enter, or press ? or * to list all spells.
You grow a pair of large bovine horns.
The goblin shouts!
You hear an angry hiss.
The hobgoblin hits you with a +0 club!
* * * LOW HITPOINT WARNING * * *
You hit the hobgoblin.
The hobgoblin is heavily wounded.
You punch the hobgoblin!
You kill the hobgoblin!
You barely miss the goblin. You headbutt the goblin.
You kill the goblin!
A rat comes into view.
Found a scroll labeled MOCAS NOUNOV and a scroll labeled JITIESTITT.
Found a stone staircase leading down.
Things that are here:
a +0 club x2; a goblin corpse
Found a scroll labeled MOCAS NOUNOV.
The rat barely misses you.
You barely miss the rat. The rat bites you.
You die...

#######################
#.>...@..)............)
#?.#..r..###$..##...###
#.?.#..#.# ######.....#
##....#.... #...#..
#####...... #...###
..?...... #####
∆.......... .#.........


You could see a rat.

Vanquished Creatures
  A dart slug (D:1)
  3 goblins (D:1)
  A hobgoblin (D:1)
  A kobold (D:1)
  A bat (D:1)
  2 frilled lizards (D:1)
  A rat (D:1)
10 creatures vanquished.

Notes
Turn   | Place    | Note
-------+----------+-------------------------------------------
     0 | D:1      | FishyPogo the Gnoll Transmuter began the quest for the Orb.
     0 | D:1      | Reached XP level 1. HP: 17/17 MP: 6/6
    53 | D:1      | Reached XP level 2. HP: 15/23 MP: 7/7
   109 | D:1      | Slain by a rat

Levels and vault maps discovered:
D:1:      lordsloth_arrival_two_stooges, layout_basic

Action                   || total
-------------------------++-------
Melee: Unarmed           ||    14
       Headbutt          ||     3
       Kick              ||     1
 Cast: Beastly Appendage ||     3
Armor: Robe              ||     1
Dodge: Dodged            ||     5
